 Dungeon Sprint DCSS version 0.20.1-1-g8b1a95d (console) character file.

153 hilaritas the Blocker (level 5, -7/48 HPs)
             Began as a Formicid Fighter on Jan 20, 2018.
             Mangled by a sun demon (16 damage)
             ... summoned by a deep elf mage
             ... in the Dungeon (Sprint III: "The Ten Rune Challenge").
             The game lasted 00:01:35 (591 turns).

hilaritas the Blocker (Formicid Fighter)             Turns: 591, Time: 00:01:36

Health: -7/48      AC:  6    Str: 24    XL:     5   Next: 61%
Magic:  5/5        EV:  9    Int:  7    God:
Gold:   29         SH: 11    Dex: 10    Spells: 4/4 levels left

rFire    . . .     SeeInvis +   a - +0 long sword
rCold    . . .     Gourm    .   c - +0 shield
rNeg     . . .     Faith    .   b - +0 scale mail
rPois    .         Spirit   .   (helmet unavailable)
rElec    .         Reflect  .   (no cloak)
rCorr    .         Harm     .   (no gloves)
MR       .....                  (no boots)
Stlth    ..........             (no amulet)
Regen    0.2/turn               (no ring)
MPRegen  0.1/turn               (no ring)

@: drained
A: permanent stasis, dig shafts and tunnels, four strong arms, antennae 3,
talons 1, strong 1
a: Dig


You were in the Dungeon.
You were not hungry.

You visited 1 branch You collected 29 gold pieces.

Inventory:

Hand Weapons
 a - a +0 long sword (weapon)
Armour
 b - a +0 scale mail (worn)
 c - a +0 shield (worn)
Scrolls
 j - a scroll of immolation {unknown}
 k - 2 scrolls of identify {unknown}
 l - 3 scrolls of remove curse {unknown}
 p - a scroll of holy word {unknown}
Potions
 d - a potion of might
 e - a potion of curing
 h - 3 potions of mutation
 i - 2 potions of magic
 n - a potion of lignification {unknown}
 o - 4 potions of flight
Comestibles
 f - a bread ration
 m - 2 royal jellies


   Skills:
 + Level 7.0(6.6) Fighting
 * Level 6.5(6.0) Long Blades
 - Level 3.2(2.8) Armour
 + Level 8.0(7.5) Shields


You had 4 spell levels left.
You didn't know any spells.

Dungeon Overview and Level Annotations

Branches:
Dungeon (1/1)

Altars:
Elyvilon
Zin
The Shining One


Innate Abilities, Weirdness & Mutations

You cannot be hasted, slowed, berserked, paralysed or teleported.
You can dig through walls and to a lower floor.
Your four strong arms can wield two-handed weapons with a shield.
You have a pair of large antennae on your head. (SInv)
You have sharp toenails.
Your muscles are strong. (Str +2)


Message History

The bolt of negative energy hits you!
You feel drained.
You hit the deep elf mage.
The deep elf mage is almost dead.
The sun demon hits you.
You are engulfed in flames!
* * * LOW HITPOINT WARNING * * *
The deep elf mage drinks a potion.
The deep elf mage is healed!
Unknown command.
You feel much better. The sun demon completely misses you.
The deep elf mage gestures wildly while chanting.
You closely miss the deep elf mage. You claw the deep elf mage!
The deep elf mage is almost dead.
The sun demon hits you.
You are engulfed in flames!
The deep elf mage hits you with a long sword of holy wrath.
* * * LOW HITPOINT WARNING * * *
You block the sun demon's attack. You block the orange demon's attack.
The orange demon hits you but does no damage.
You barely miss the deep elf mage.
The deep elf mage is almost dead.
The sun demon hits you!
You die...

▓▓▓▓▓▓▓ ▓▓▓ ..'...♣♣♣
♣.##### ..#.....♣♣
♣♣.#4__# { ###....♣.♣
♣..#e@.# { { ..#....≈♣
♣..###3#+###+ ..#...≈≈♣♣
♣..#..........
.?#..≈≈≈≈♣♣♣♣.'.⌠........
#'#..≈≈≈≈≈≈.♣.#...######+
..#.≈≈≈≈≈≈....#.⌠.# {
..#.≈≈≈≈≈.....#...#
..#.≈≈≈.......#+###
###...........# {{
..............#
▓▓▓▓▓▓▓▓▓▓▓▓▓▓▓


You could see a sun demon, an orange demon and a deep elf mage.

Vanquished Creatures
  A water elemental (D)
  A scorpion (D)
  Jessica (D)
  A human (D)
  3 rats (D)
7 creatures vanquished.

Vanquished Creatures (others)
  2 draconian scorchers (D)
  6 hellions (D)
  A yaktaur (D)
9 creatures vanquished.

Grand Total: 16 creatures vanquished

Notes
Turn   | Place    | Note
-------+----------+-------------------------------------------
     0 | D        | hilaritas the Formicid Fighter began the quest for the Orb.
     0 | D        | Reached XP level 1. HP: 18/18 MP: 1/1
    16 | D        | Noticed Jessica
    17 | D        | Reached skill level 4 in Shields
    21 | D        | Killed Jessica
    21 | D        | Reached skill level 5 in Fighting
    21 | D        | Reached skill level 5 in Shields
    21 | D        | Reached XP level 2. HP: 26/27 MP: 2/2
    21 | D        | Reached XP level 3. HP: 31/33 MP: 3/3
    47 | D        | Noticed a scorpion
    49 | D        | Killed a yaktaur
    62 | D        | Killed a scorpion
    62 | D        | Reached skill level 5 in Long Blades
    62 | D        | Reached skill level 6 in Shields
    62 | D        | Reached XP level 4. HP: 16/40 MP: 4/4
    84 | D        | Killed a hellion
    85 | D        | Killed a hellion
   114 | D        | Killed a hellion
   129 | D        | Killed a hellion
   129 | D        | Killed a hellion
   140 | D        | Killed a hellion
   208 | D        | Killed a white draconian scorcher
   228 | D        | Killed a white draconian scorcher
   333 | D        | Reached skill level 7 in Shields
   417 | D        | Noticed a water elemental
   425 | D        | Killed a water elemental
   425 | D        | Reached skill level 8 in Shields
   425 | D        | Reached XP level 5. HP: 23/48 MP: 5/5
   426 | D        | Gained mutation: Your muscles are strong. (Str +2) [potion of mutation]
   426 | D        | Gained mutation: You have sharp toenails. [potion of mutation]
   582 | D        | Found a glowing silver altar of Zin.
   583 | D        | Found a glowing golden altar of the Shining One.
   583 | D        | Found a white marble altar of Elyvilon.
   583 | D        | Noticed a deep elf mage
   587 | D        | Noticed a sun demon
   590 | D        | Noticed an orange demon
   591 | D        | Mangled by a sun demon

Skill      XL: |  1  2  3  4 |
---------------+-------------+-----
Shields        | 5 6 8 |  8.0
Fighting       | 5 6 7 |  7.0
Long Blades    | 3 5 6 |  6.5
Armour         | |  3.2

Action                   |  1- 3 |  4- 6 || total
-------------------------+-------+-------++-------
Melee: Long sword        |    19 |    27 ||    46
       Kick              |       |     3 ||     3
  Use: Potion            |       |     2 ||     2
Armor: Scale mail        |     3 |     2 ||     5
Dodge: Dodged            |     4 |     5 ||     9
Block: Shield            |     9 |    18 ||    27
       Rpst.: Long sword |     1 |     1 ||     2
